 Dungeon Crawl Stone Soup version 0.30-a0-134-gb40fab5c76 (webtiles) character file.

Game seed: 2834277178545990412

154 jlumianski the Chopper (level 5, -6/31 HPs)
             Began as a Gargoyle Gladiator on Sept 20, 2022.
             Mangled by a gnoll
             ... wielding a +0 flail
              (10 damage)
             ... on level 3 of the Dungeon.
             The game lasted 00:09:30 (2578 turns).

jlumianski the Chopper (Gargoyle Gladiator)         Turns: 2578, Time: 00:09:30

Health: -6/31      AC: 12    Str: 20    XL:     5   Next: 36%
Magic:  5/5        EV: 12    Int:  8    God:
Gold:   192        SH:  6    Dex: 11    Spells: 4/4 levels left

rFire   . . .      SeeInvis .    a - +0 war axe
rCold   . . .      Faith    .    o - +0 kite shield
rNeg    + . .      Spirit   .    h - +0 scale mail
rPois   ∞          Reflect  .    c - +0 helmet
rElec   +          Harm     .    n - +0 cloak
rCorr   .          Rampage  .    (no gloves)
Will    .....                    (no boots)
Stlth   ..........               l - amulet of regeneration
HPRegen 0.90/turn                y - +4 ring of evasion
MPRegen 0.09/turn                (no ring)

@: no status effects
A: sickness immunity, AC +4, negative energy resistance 1, electricity
resistance, torment resistance 1, petrification resistance
a: no special abilities


You were on level 3 of the Dungeon.
You visited 1 branch of the dungeon, and saw 5 of its levels.

You collected 192 gold pieces.

Inventory:

Hand Weapons
 a - a +0 war axe (weapon)
Missiles
 d - 3 throwing nets
 e - a javelin (quivered)
 f - 8 poisoned darts
 u - 4 boomerangs
 w - 4 atropa-tipped darts
Armour
 b - a +0 leather armour
 c - a +0 helmet (worn)
 h - a +0 scale mail (worn)
 n - a +0 cloak (worn)
 o - a +0 kite shield (worn)
Magical Staves
 g - a staff of poison
Jewellery
 l - an amulet of regeneration (around neck)
 y - a +4 ring of evasion (left hand)
Scrolls
 j - a scroll of teleportation
 m - 2 scrolls of blinking {unknown}
 r - a scroll of silence {unknown}
 s - a scroll of fog {unknown}
 t - a scroll of noise {unknown}
 v - a scroll of immolation {unknown}
 x - a scroll of magic mapping {unknown}
Potions
 i - a potion of mutation
 k - a potion of might
 p - a potion of heal wounds
 q - 2 potions of curing


   Skills:
 + Level 2.7 Fighting
 + Level 4.3 Axes
 + Level 1.8 Throwing
 + Level 2.1 Armour
 + Level 2.7 Dodging
 + Level 0.5 Shields


You had 4 spell levels left.
You didn't know any spells.
Your spell library contained the following spells:

 Spells                   Type           Power      Damage    Failure   Level
 Ensorcelled Hibernation  Hex/Ice        0%         N/A       100%        2
 Call Canine Familiar     Summ           0%         N/A       100%        3
 Ozocubu's Armour         Ice            0%         N/A       100%        3
 Portal Projectile        Hex/Tloc       0%         N/A       100%        3
 Spider Form              Tmut/Pois      0%         N/A       100%        3
 Anguish                  Hex/Necr       0%         N/A       100%        4
 Leda's Liquefaction      Hex/Erth       0%         N/A       100%        4
 Metabolic Englaciation   Hex/Ice        0%         N/A       100%        5
 Simulacrum               Ice/Necr       0%         N/A       100%        6


Dungeon Overview and Level Annotations

Branches:
Dungeon (5/15)
 Temple: D:4-7

Altars:

Annotations:
D:3 Sigmund


Innate Abilities, Weirdness & Mutations

You are immune to sickness and miasma.
Your stone body is resilient. (AC +4)
You are immune to poison.
You resist negative energy. (rN+)
You are resistant to electric shocks. (rElec)
You are resistant to unholy torment.
You are immune to petrification.


Message History

You see here a rat corpse.
You block the bat's attack.
You closely miss the bat. The bat hits you but does no damage.
You barely miss the bat. The bat completely misses you.
You block the bat's attack.
You barely miss the bat. The bat hits you but does no damage.
The bat barely misses you.
Found 7 gold pieces.
The bat barely misses you.
You slash the bat!
You kill the bat!
You see here a bat corpse.
Found a scroll of identify.
You now have 192 gold pieces (gained 7).
z - a scroll of identify
As you read the scroll of identify, it crumbles to dust.
q - 2 potions of curing A gnoll comes into view.
It is wielding a +0 flail.
The gnoll shouts!
The gnoll shouts!
You hear a shout!
The gnoll closely misses you. The gnoll hits you but does no damage.
The gnoll hits you with a +0 flail.
You hit the gnoll.
The gnoll is moderately wounded.
The gnoll misses you. The gnoll hits you but does no damage.
You completely miss the gnoll.
The gnoll is moderately wounded.
The gnoll hits you from afar with a +0 halberd!
The gnoll misses you.
The gnoll hits you from afar with a +0 halberd.
The gnoll hits you with a +0 flail!
You barely miss the gnoll.
The gnoll is moderately wounded.
The gnoll hits you from afar with a +0 halberd!
* * * LOW HITPOINT WARNING * * *
The gnoll barely misses you.
You hit the gnoll.
The gnoll is heavily wounded.
You block the gnoll's attack. The gnoll misses you.
The gnoll closely misses you. The gnoll hits you with a +0 flail!
You die...

##..##.###....(...#
##.
#..#.............###..
#.....................
#........g........###.
#..................##.
#....####........#..##
###..# ##........#.##
##.#####.........#...
#..g@.gg.#...........
#.########.......####
#.. ....##.......# #..
...........<..# #..
......#.......# ...
.....##.......# ..#.
..... ######### # ....
. ... .


You could see 3 gnolls.

Vanquished Creatures
  An orc priest (D:3)
  Jessica (D:1)
  An iguana (D:3)
  2 worms (D:2)
  A dart slug (D:2)
  4 orcs (D:3)
  3 endoplasms
  2 giant cockroaches
  7 hobgoblins
  9 jackals
  2 quokkas (D:1)
  2 ball pythons
  7 bats
  5 frilled lizards
  5 goblins
  5 kobolds
  3 rats
60 creatures vanquished.

Notes
Turn   | Place    | Note
-------+----------+-------------------------------------------
     0 | D:1      | jlumianski the Gargoyle Gladiator began the quest for the
                  | Orb.
     0 | D:1      | Reached XP level 1. HP: 12/12 MP: 1/1
   581 | D:1      | Reached XP level 2. HP: 10/17 MP: 2/2
   582 | D:1      | Reached skill level 3 in Axes
   847 | D:1      | Reached XP level 3. HP: 20/22 MP: 3/3
  1041 | D:2      | Noticed Jessica
  1048 | D:1      | Killed Jessica
  1049 | D:1      | Reached skill level 1 in Armour
  1411 | D:2      | Reached XP level 4. HP: 27/27 MP: 4/4
  1577 | D:3      | Noticed Sigmund
  1989 | D:1      | Found a faded altar of an unknown god.
  2401 | D:3      | Reached skill level 4 in Axes
  2401 | D:3      | Reached XP level 5. HP: 29/31 MP: 5/5
  2420 | D:5      | Entered Level 5 of the Dungeon
  2420 | D:5      | Noticed a vampire
  2578 | D:3      | Mangled by a gnoll

Illustrated notes

Levels and vault maps discovered:
D:1:      grunt_arrival_crossed_arrows, layout_loops_corners,
          chequers_ecumenical_altar_island, grunt_decor_cap,
          minmay_crystal_water, minmay_misc_feat_doors,
          wander_ebering_terrifying_dragon_lair
D:2:      layout_basic, kennysheep_generic_room_6, uniq_jessica
D:3:      layout_rooms, uniq_sigmund
D:4:      layout_basic, nicolae_gozag_seed_capital, ebering_ghost_disaster_area,
          uniq_natasha
D:5:      layout_rooms, kennysheep_generic_room_2, uniq_edmund

Skill      XL: |  1  2  3  4  5 |
---------------+----------------+-----
Axes           | 3 4 |  4.3
Armour         | 1 2 |  2.1
Fighting       | |  2.7
Throwing       | |  1.8
Dodging        | |  2.7
Shields        | |  0.5

Action                   |  1- 3 |  4- 6 || total
-------------------------+-------+-------++-------
Melee: War axe           |    99 |   114 ||   213
Throw: Javelin           |     2 |     1 ||     3
  Use: Scroll            |       |     5 ||     5
Armor: Scale mail        |    68 |    75 ||   143
       Leather armour    |     2 |       ||     2
Dodge: Dodged            |    77 |    47 ||   124
Block: Kite shield       |       |    41 ||    41

Table legend: (Time is in decaauts)
 A = Elapsed time spent in this place.
 B = Non-inter-level travel time spent in this place.
 C = Inter-level travel time spent in this place.
 D = Time resting spent in this place.
 E = Time spent auto-exploring this place.
 F = Levels seen in this place.
 G = Mean time per level.
                   A        B        C        D        E       F      G
               +--------+--------+--------+--------+--------+-----+--------+
         Total |   2679 |   2679 |      0 |    364 |   1236 |   5 |  535.8 |
       Dungeon |   2679 |   2679 |      0 |    364 |   1236 |   5 |  535.8 |
               +--------+--------+--------+--------+--------+-----+--------+

Top non-repeatable levels by time:
     D:1: 1290 daAuts
     D:2: 1087 daAuts
     D:3: 287 daAuts
     D:4: 12 daAuts
     D:5: 1 daAuts
